 Dungeon Crawl Stone Soup version 0.24.1-11-gbbbb2193e6 (webtiles) character file.

Game seed: 12486201101904565117, levelgen mode: deterministic

5573 Mrkan the Blocker (level 10, -3/82 HPs)
             Began as a Gnoll Fighter on May 15, 2020.
             Was a Follower of Ashenzari.
             Slain by a vampire (4 damage)
             ... on level 10 of the Dungeon.
             The game lasted 00:19:22 (8244 turns).

Mrkan the Blocker (Gnoll Fighter)                   Turns: 8244, Time: 00:19:23

Health: -3/82      AC: 26    Str: 22    XL:     10   Next: 72%
Magic:  18/18      EV:  6    Int: 10    God:    Ashenzari [*.....]
Gold:   544        SH: 18    Dex: 15    Spells: 19/19 levels left

rFire    + . .     SeeInvis +   L - +2 trident (protect)
rCold    . . .     Gourm    .   D - +1 large shield (curse)
rNeg     . . .     Faith    .   a - +0 plate armour (curse)
rPois    .         Spirit   .   t - +0 helmet (curse)
rElec    .         Reflect  .   b - +0 cloak
rCorr    .         Harm     .   K - +1 pair of gloves (curse)
MR       .....                  (no boots)
Stlth    ..........             (no amulet)
HPRegen  0.23/turn              y - ring of protection from fire (curse)
MPRegen  0.16/turn              g - ring of see invisible

@: protection aura
A: distributed training, fangs 1, strong nose
a: Curse Item, Scrying, Renounce Religion


You were on level 10 of the Dungeon.
You worshipped Ashenzari.
Ashenzari was aware of your devotion.
You were not hungry.

You visited 2 branches of the dungeon, and saw 11 of its levels.

You collected 544 gold pieces.

Inventory:

Hand Weapons
 x - a +0 hunting sling
 G - a +2 flail of protection
 L - a +2 trident of protection (weapon)
Missiles
 k - 62 poisoned darts (quivered)
 r - 115 sling bullets
Armour
 a - a cursed +0 plate armour (worn)
 b - a +0 cloak (worn)
 t - a cursed +0 helmet (worn)
 D - a cursed +1 large shield (worn)
 K - a cursed +1 pair of gloves (worn)
Jewellery
 g - a ring of see invisible (right hand)
 i - a +5 ring of protection
 l - a +2 ring of intelligence
 y - a cursed ring of protection from fire (left hand)
 H - an uncursed ring of wizardry
 M - an uncursed ring of wizardry
Wands
 v - a wand of digging (5)
 w - a wand of clouds (4)
 I - a wand of iceblast (3)
Scrolls
 j - 9 scrolls of remove curse
 m - a scroll of vulnerability {unknown}
 n - a scroll of enchant weapon
 p - a scroll of immolation
 s - a scroll of teleportation
Potions
 c - a potion of flight {unknown}
 d - a potion of brilliance
 e - 4 potions of curing
 h - a potion of cancellation
 o - 2 potions of heal wounds
 u - a potion of resistance
 z - a potion of berserk rage
 A - 2 potions of magic
 B - 2 potions of lignification
 C - 2 potions of ambrosia
Comestibles
 f - 25 rations


   Skills:
 + Level 8.6 Fighting
 + Level 5.4 Short Blades
 + Level 5.4 Long Blades
 + Level 5.4 Axes
 + Level 5.4 Maces & Flails
 + Level 7.2 Polearms
 + Level 5.4 Staves
 + Level 5.4 Slings
 + Level 5.4 Bows
 + Level 5.4 Crossbows
 + Level 5.4 Throwing
 + Level 8.6 Armour
 + Level 5.4 Dodging
 + Level 5.4 Stealth
 + Level 8.6 Shields
 + Level 5.4 Unarmed Combat
 + Level 5.4 Spellcasting
 + Level 4.5 Conjurations
 + Level 4.5 Hexes
 + Level 4.5 Charms
 + Level 4.5 Summonings
 + Level 4.5 Necromancy
 + Level 4.5 Translocations
 + Level 4.5 Transmutations
 + Level 4.5 Fire Magic
 + Level 4.5 Ice Magic
 + Level 4.5 Air Magic
 + Level 4.5 Earth Magic
 + Level 4.5 Poison Magic
 + Level 6.0 Invocations
 + Level 5.4 Evocations


You had 19 spell levels left.
You didn't know any spells.
Your spell library contained the following spells:

 Spells                   Type           Power        Failure   Level  Hunger
 Beastly Appendage        Tmut           ##....       99%         1    None
 Magic Dart               Conj           ##..         99%         1    None
 Blink                    Tloc           N/A          100%        2    ##.....
 Call Imp                 Summ           ##......     100%        2    ##.....
 Slow                     Hex            ##......     100%        2    ##.....
 Sticks to Snakes         Tmut           ##......     100%        2    ##.....
 Conjure Flame            Conj/Fire      ##......     100%        3    ###....
 Mephitic Cloud           Conj/Pois/Air  ##......     100%        3    ###....
 Spider Form              Tmut/Pois      ##........   100%        3    ###....
 Ice Form                 Ice/Tmut       ##......     100%        4    ####...
 Blade Hands              Tmut           ##........   100%        5    ######.


Dungeon Overview and Level Annotations

Branches:
Dungeon (10/15)            Temple (1/1) D:7
   Lair: D:8-11         Orc: D:9-12

Altars:
Ashenzari
Cheibriados
Dithmenos
Elyvilon
Fedhas
Gozag
Hepliaklqana
Kikubaaqudgha
Makhleb
Nemelex Xobeh
Okawaru
Qazlal
Ru
Sif Muna
Trog
Uskayaw
Vehumet
Wu Jian
Xom
Yredelemnul
Zin
The Shining One

Shops:
D:8 =


Innate Abilities, Weirdness & Mutations

Your experience applies equally to all skills.
You have very sharp teeth.
Your uncanny sense of smell can sniff out nearby items.


Message History

* * * LOW HITPOINT WARNING * * *
The vampire draws life force from you and is healed!
You closely miss the vampire.
The vampire is heavily damaged.
You block the vampire's attack. x2
You puncture the vampire!
The vampire is severely damaged.
The vampire is infused with unholy energy.
* * * LOW HITPOINT WARNING * * *
The vampire draws life force from you and is healed!
You hit the vampire but do no damage.
The vampire is heavily damaged.
You block the vampire's attack. The vampire bites you!
* * * LOW HITPOINT WARNING * * *
The vampire draws strength from your injuries!
You closely miss the vampire.
The vampire is heavily damaged.
The vampire hits you but does no damage.
The vampire bites you.
You die...

#.# .... ..# #.# ...# #.#
#.# ...# #.# #.# ##...###
#.# #.# #... ..# #.# #.#
##.## #.# #.###.#
....###.####...#.#########
...............V@........#
##.###..)......#.#######.#
##......########.#
######## #.# #?. ### ∆


You could see a vampire (invisible).

Vanquished Creatures
  A two-headed ogre (D:8)
  Pikel (D:5)
  Joseph (D:7)
  Grinder (D:5)
  Sigmund (D:2)
  Eustachio (D:4)
  Edmund (D:5)
  A sky beast (D:8)
  4 black bears
  2 orc warriors
  A slave (D:5)
  3 ice beasts (D:7)
  4 ogres
  A phantom (D:6)
  2 centaurs
  A crocodile (D:8)
  4 bullfrogs
  A gnoll sergeant (D:9)
  4 scorpions
  7 wights
  A crimson imp (D:8)
  A centaur zombie (D:6)
  2 bullfrog zombies
  2 orc priests
  6 jellies
  A hound (D:8)
  A bullfrog skeleton (D:9)
  A gnoll shaman (D:7)
  6 orc wizards
  Ijyb (D:5)
  An iguana (D:4)
  4 worker ants
  Robin (D:2)
  A hound skeleton (D:8)
  11 gnolls
  7 adders
  A shadow imp (D:5)
  6 oozes
  3 adder skeletons
  2 worms
  3 dart slugs (D:1)
  3 leopard geckos
  23 orcs
  5 bats
  10 giant cockroaches
  16 goblins
  6 hobgoblins
  9 jackals
  7 kobolds
  2 quokkas
  3 frilled lizards
  A giant cockroach zombie (D:6)
  A quokka skeleton (D:4)
  A quokka zombie (D:4)
  9 rats
200 creatures vanquished.

Vanquished Creatures (others)
  A leopard gecko skeleton (D:5)
1 creature vanquished.

Grand Total: 201 creatures vanquished

Notes
Turn   | Place    | Note
-------+----------+-------------------------------------------
     0 | D:1      | Mrkan the Gnoll Fighter began the quest for the Orb.
     0 | D:1      | Reached XP level 1. HP: 23/23 MP: 1/1
    54 | D:1      | Reached XP level 2. HP: 29/29 MP: 2/2
   281 | D:1      | Reached XP level 3. HP: 26/35 MP: 3/3
   550 | D:2      | Reached skill level 1 in Invocations
   589 | D:2      | Reached skill level 1 in Short Blades
   589 | D:2      | Reached skill level 1 in Long Blades
   589 | D:2      | Reached skill level 1 in Axes
   589 | D:2      | Reached skill level 1 in Maces & Flails
   589 | D:2      | Reached skill level 1 in Staves
   589 | D:2      | Reached skill level 1 in Slings
   589 | D:2      | Reached skill level 1 in Bows
   589 | D:2      | Reached skill level 1 in Crossbows
   589 | D:2      | Reached skill level 1 in Throwing
   589 | D:2      | Reached skill level 1 in Dodging
   589 | D:2      | Reached skill level 1 in Stealth
   589 | D:2      | Reached skill level 1 in Unarmed Combat
   589 | D:2      | Reached skill level 1 in Spellcasting
   589 | D:2      | Reached skill level 1 in Evocations
   704 | D:2      | Reached XP level 4. HP: 41/41 MP: 5/5
   719 | D:2      | Found a shadowy altar of Dithmenos.
   854 | D:2      | Noticed Robin
   876 | D:2      | Killed Robin
   912 | D:2      | Noticed Sigmund
   927 | D:2      | Killed Sigmund
   927 | D:2      | Reached skill level 1 in Conjurations
   927 | D:2      | Reached skill level 1 in Hexes
   927 | D:2      | Reached skill level 1 in Charms
   927 | D:2      | Reached skill level 1 in Summonings
   927 | D:2      | Reached skill level 1 in Necromancy
   927 | D:2      | Reached skill level 1 in Translocations
   927 | D:2      | Reached skill level 1 in Transmutations
   927 | D:2      | Reached skill level 1 in Fire Magic
   927 | D:2      | Reached skill level 1 in Ice Magic
   927 | D:2      | Reached skill level 1 in Air Magic
   927 | D:2      | Reached skill level 1 in Earth Magic
   927 | D:2      | Reached skill level 1 in Poison Magic
   927 | D:2      | Reached XP level 5. HP: 34/47 MP: 5/7
   927 | D:2      | Reached XP level 6. HP: 39/53 MP: 5/8
  1220 | D:2      | Found a shimmering blue altar of Sif Muna.
  1220 | D:2      | Found a glowing silver altar of Zin.
  1838 | D:3      | Reached skill level 5 in Polearms
  2014 | D:3      | Found a faded altar of an unknown god.
  2614 | D:4      | Noticed Eustachio
  2683 | D:4      | Killed Eustachio
  2683 | D:4      | Reached XP level 7. HP: 25/60 MP: 10/10
  3290 | D:5      | Entered Level 5 of the Dungeon
  3305 | D:5      | Noticed Grinder
  3334 | D:5      | Killed Grinder
  3566 | D:5      | Reached XP level 8. HP: 43/67 MP: 12/12
  3587 | D:5      | Noticed Edmund
  3606 | D:5      | Killed Edmund
  3739 | D:5      | Noticed Ijyb
  3761 | D:5      | Killed Ijyb
  3775 | D:5      | Noticed Pikel
  3801 | D:5      | Killed Pikel
  3984 | D:5      | Found a sparkling altar of Nemelex Xobeh.
  4715 | D:6      | Reached XP level 9. HP: 72/72 MP: 14/14
  4923 | D:7      | You fall into a shaft and drop 2 floors!
  5768 | D:7      | Found a staircase to the Ecumenical Temple.
  5784 | D:7      | Reached skill level 5 in Invocations
  5806 | Temple   | Entered the Ecumenical Temple
  5904 | Temple   | Became a worshipper of Ashenzari the Shackled
  6269 | D:7      | Noticed Joseph
  6296 | D:7      | Killed Joseph
  6296 | D:7      | Reached XP level 10. HP: 49/80 MP: 17/17
  6736 | D:8      | Found Rycvat's Jewellery Shop.
  6762 | D:8      | Reached skill level 5 in Short Blades
  6762 | D:8      | Reached skill level 5 in Long Blades
  6762 | D:8      | Reached skill level 5 in Axes
  6762 | D:8      | Reached skill level 5 in Maces & Flails
  6762 | D:8      | Reached skill level 5 in Staves
  6762 | D:8      | Reached skill level 5 in Slings
  6762 | D:8      | Reached skill level 5 in Bows
  6762 | D:8      | Reached skill level 5 in Crossbows
  6762 | D:8      | Reached skill level 5 in Throwing
  6762 | D:8      | Reached skill level 5 in Dodging
  6762 | D:8      | Reached skill level 5 in Stealth
  6762 | D:8      | Reached skill level 5 in Unarmed Combat
  6762 | D:8      | Reached skill level 5 in Spellcasting
  6762 | D:8      | Reached skill level 5 in Evocations
  6906 | D:8      | Found a hazy altar of Hepliaklqana.
  6933 | D:8      | Noticed a two-headed ogre
  6948 | D:8      | Killed a two-headed ogre
  7088 | D:8      | Found a bloodstained altar of Trog.
  7231 | D:8      | Found an ornate altar of the Wu Jian Council.
  7493 | D:8      | Reached * piety under Ashenzari
  8138 | D:10     | Entered Level 10 of the Dungeon
  8243 | D:10     | HP: 1/82 [vampire (8)]
  8244 | D:10     | Slain by a vampire

Levels and vault maps discovered:
D:1:      scummos_arrival_star, layout_basic
D:2:      layout_loops_ring, nicolae_overflow_crystal_walls,
          gammafunk_temple_overflow_elements, uniq_robin, uniq_sigmund
D:3:      layout_basic, chequers_ecumenical_altar_twisty, nrook_mini_backslash,
          nrook_mini_vaults
D:4:      layout_basic, uniq_eustachio
D:5:      layout_loops_ring, nemelex_xobeh_ov_fountains_minmay, first_ration,
          hangedman_decor_slide_cut, uniq_edmund, uniq_pikel, uniq_grinder,
          uniq_ijyb
D:6:      layout_basic
D:7:      layout_basic, minmay_temple_entry_statues, nicolae_ossuary_entry_plus,
          minmay_fountain_box, uniq_joseph
D:8:      layout_loops_ring, kennysheep_mini_moat, serial_shops, shop_statue,
          basic_altar, trog_ov_bears_minmay
D:9:      layout_irregular_city, hangedman_little_slice_of_home,
          minmay_misc_feat_encased, minivault_22
D:10:     layout_basic, dpeg_oklobed_lair
Temple:   minmay_temple_bridge_d

Skill      XL: |  1  2  3  4  5  6  7  8  9 10 |
---------------+-------------------------------+-----
Invocations    | 1 2 3 4 5 6 |  6.0
Short Blades   | 1 2 3 4 5 |  5.4
Long Blades    | 1 2 3 4 5 |  5.4
Axes           | 1 2 3 4 5 |  5.4
Maces & Flails | 1 2 3 4 5 |  5.4
Staves         | 1 2 3 4 5 |  5.4
Slings         | 1 2 3 4 5 |  5.4
Bows           | 1 2 3 4 5 |  5.4
Crossbows      | 1 2 3 4 5 |  5.4
Throwing       | 1 2 3 4 5 |  5.4
Dodging        | 1 2 3 4 5 |  5.4
Stealth        | 1 2 3 4 5 |  5.4
Unarmed Combat | 1 2 3 4 5 |  5.4
Spellcasting   | 1 2 3 4 5 |  5.4
Evocations     | 1 2 3 4 5 |  5.4
Conjurations   | 1 2 3 4 |  4.5
Hexes          | 1 2 3 4 |  4.5
Charms         | 1 2 3 4 |  4.5
Summonings     | 1 2 3 4 |  4.5
Necromancy     | 1 2 3 4 |  4.5
Translocations | 1 2 3 4 |  4.5
Transmutations | 1 2 3 4 |  4.5
Fire Magic     | 1 2 3 4 |  4.5
Ice Magic      | 1 2 3 4 |  4.5
Air Magic      | 1 2 3 4 |  4.5
Earth Magic    | 1 2 3 4 |  4.5
Poison Magic   | 1 2 3 4 |  4.5
Polearms       | 5 6 7 |  7.2
Fighting       | 7 8 |  8.6
Armour         | 7 8 |  8.6
Shields        | 7 8 |  8.6

Action                   |  1- 3 |  4- 6 |  7- 9 | 10-12 || total
-------------------------+-------+-------+-------+-------++-------
Melee: Trident           |    95 |   172 |   438 |   276 ||   981
       Bite              |     8 |    21 |    62 |    46 ||   137
 Fire: Hunting sling     |       |     3 |       |       ||     3
Throw: Dart              |       |       |     3 |     1 ||     4
Invok: Curse Item        |       |       |       |     5 ||     5
  Use: Potion            |       |     1 |       |     1 ||     2
       Scroll            |       |       |       |    15 ||    15
  Eat: Chunk             |       |     6 |    12 |     4 ||    22
       Ration            |       |       |       |     1 ||     1
Armor: Scale mail        |    31 |       |       |       ||    31
       Chain mail        |    22 |    68 |    61 |       ||   151
       Plate armour      |       |       |   112 |   136 ||   248
Dodge: Dodged            |    27 |    37 |   111 |    40 ||   215
Block: Shield            |    52 |   101 |   209 |    25 ||   387
       Large shield      |       |       |       |   176 ||   176
